 Dungeon Crawl Stone Soup version 0.15.0-12-gccce430 (webtiles) character file.

42 Kold the Cutter (level 3, -5/19 HPs)
             Began as a Vine Stalker Berserker on Sept 1, 2014.
             Was a Believer of Trog.
             Slain by a gnoll
             ... wielding a +0 flail
              (13 damage)
             ... on Level 2 of the Dungeon.
             The game lasted 00:02:53 (857 turns).

Kold the Cutter (Vine Stalker Berserker)             Turns: 857, Time: 00:02:54

HP  -5/19        AC  4     Str 19      XL: 3   Next: 54%
MP   0/4         EV 12     Int  7      God: Trog [**....]
Gold 59          SH  0     Dex 14      Spells:  0 memorised,  2 levels left

rFire  . . .     SeeInvis .     m - +3 short sword
rCold  . . .     Clarity  .     b - +0 animal skin
rNeg   . . .     rCorr    .     (no shield)
rPois  .         rRot     +     (no helmet)
rElec  .         Spirit   +     g - +0 cloak
SustAb .         Warding  .     f - +0 pair of gloves
rMut   .         Stasis   .     (no boots)
Gourm  .                        (no amulet)
MR     ++...                    (no ring)
                                (no ring)

@: exhausted, regenerating, very resistant to hostile enchantments, unstealthy
A: fangs 2, regeneration 1, magic shield, antimagic bite, no device heal 3, rot
immunity
a: Burn Spellbooks, Berserk, Trog's Hand, Renounce Religion


You were on level 2 of the Dungeon.
You worshipped Trog.
Trog was pleased with you.
You were very hungry.

You visited 1 branch of the dungeon, and saw 2 of its levels.

You collected 59 gold pieces.

Inventory:

Hand weapons
 h - a +0 dagger of flaming
 m - a +3 short sword (weapon)
Armour
 b - a +0 animal skin (worn)
 f - a +0 pair of gloves (worn)
 g - a +0 cloak (worn)
Comestibles
 c - a bread ration
 d - a meat ration
Scrolls
 a - a scroll of fear {unknown}
 e - a scroll of teleportation {unknown}
 i - 3 scrolls of identify {unknown}
 j - a scroll of random uselessness {unknown}
 k - 2 scrolls of enchant weapon {unknown}
 l - a scroll of remove curse {unknown}
 o - a scroll of recharging {unknown}
Potions
 n - a potion of brilliance {unknown}
 p - a potion of heal wounds {unknown}
 q - a potion of haste {unknown}


   Skills:
 - Level 2.7 Fighting
 + Level 3.3 Short Blades
 - Level 1.6 Armour
 - Level 1.5 Dodging
 + Level 2.7 Stealth


You had 2 spell levels left.
You didn't know any spells.

Dungeon Overview and Level Annotations

Branches:
Dungeon (2/15)

Altars:


Innate Abilities, Weirdness & Mutations

You have extremely sharp teeth.
Your natural rate of healing is unusually fast.
When hurt, damage is shared between your health and your magic reserves.
Your bite disrupts and absorbs the magic of your enemies.
Potions and wands cannot restore your health.
You are immune to rotting.


Message History

You feel less resistant to hostile enchantments.
The gnoll hits you with a flail.
* * * LOW HITPOINT WARNING * * *
Use which ability? (? or * to list)
Your skin crawls.
You feel resistant to hostile enchantments.
You feel slightly more hungry. The gnoll misses you.
The gnoll hits you with a flail!
* * * LOW HITPOINT WARNING * * *
You feel yourself speed up.
You are feeling very hungry.
You feel the effects of Trog's Hand fading.
You barely miss the gnoll. You bite the gnoll, but do no damage.
The gnoll is moderately wounded.
The gnoll closely misses you.
You hit the gnoll. Your bite misses the gnoll.
The gnoll is heavily wounded.
The gnoll hits you with a flail!
Ouch! That really hurt!
You die...

####.##.######......
#..>.....####.......
#.##......))'.......
#.##.....####.......
#.##.#...# ##......
#.#...#..# #.....
#.##..>#.# #...#
#.###.##.# #+#
#.g@.....#
#####.#### .#


You could see a gnoll.

Vanquished Creatures
  2 gnolls (D:2)
  A worm (D:2)
  A giant cockroach (D:1)
  A goblin (D:1)
  A hobgoblin (D:2)
  A bat (D:1)
  2 giant geckos
  A giant newt (D:1)
  5 kobolds (D:1)
  4 rats
19 creatures vanquished.

Notes
Turn   | Place    | Note
--------------------------------------------------------------
     0 | D:1      | Kold, the Vine Stalker Berserker, began the quest for the Orb.
     0 | D:1      | Reached XP level 1. HP: 11/11 MP: 1/1
   209 | D:1      | Reached skill level 1 in Stealth
   375 | D:1      | Reached XP level 2. HP: 14/16 MP: 0/3
   665 | D:2      | Acquired Trog's second power
   665 | D:2      | Reached skill level 3 in Short Blades
   823 | D:2      | Reached XP level 3. HP: 19/19 MP: 4/4
   857 | D:2      | Slain by a gnoll

Action                   || total
-------------------------++-------
Melee: Dagger            ||    28
       Short sword       ||    35
Invok: Berserk           ||     1
       Trog's Hand       ||     2
 Stab: Sleeping          ||     1
